 Dungeon Crawl Stone Soup version 0.32-a0-35-gd9ff480968 (webtiles) character file.

Game seed: 5393810234200928455

136 nfkdngbenrn the Shield-Bearer (level 4, 0/41 HPs)
             Began as a Minotaur Fighter on Jan 22, 2024.
             Killed from afar by an orc wizard (7 damage)
             ... with a magic dart
             ... on level 3 of the Dungeon.
             The game lasted 00:02:28 (1842 turns).

nfkdngbenrn the Shield-Bearer (Minotaur Fighter)    Turns: 1842, Time: 00:02:28

Health: 0/41       AC:  7    Str: 20    XL:     4   Next: 98%
Magic:  3/3        EV: 10    Int:  3    God:
Gold:   141        SH:  6    Dex: 18    Spells: 3/3 levels left

rFire   . . .        a - +1 war axe
rCold   . . .        c - +0 buckler
rNeg    . . .        b - +0 scale mail
rPois   .            (helmet restricted)
rElec   .            (no cloak)
rCorr   .            (no gloves)
SInv    .            (no boots)
Will    .....        (no amulet) Stlth
                     (no ring)
HPRegen 0.26/turn    (no ring)
MPRegen 0.08/turn

%: no passive effects
@: mighty
A: horns 2, retaliatory headbutt, agile 2
a: no special abilities


You were on level 3 of the Dungeon.
You visited 1 branch of the dungeon, and saw 3 of its levels.

You collected 141 gold pieces.

Inventory:

Hand Weapons
 a - a +1 war axe (weapon)
Armour
 b - a +0 scale mail (worn)
 c - a +0 buckler (worn)
 h - a +0 plate armour
Wands
 i - a wand of flame (29)
Scrolls
 l - a scroll of identify
Potions
 d - a potion of might
 e - a potion of ambrosia {unknown}
 f - 2 potions of mutation
 g - 3 potions of curing
 j - a potion of heal wounds {unknown}
 k - a potion of invisibility {unknown}


   Skills:
 + Level 4.4 Fighting
 + Level 3.4 Axes
 + Level 4.4 Armour
 + Level 2.0 Dodging
 + Level 4.5 Shields


You had 3 spell levels left.
You didn't know any spells.
Your spell library contained the following spells:

 Spells                   Type           Power      Damage    Failure   Level
 Slow                     Hex            0%         N/A       90%         1
 Confusing Touch          Hex            0%         N/A       99%         3
 Ozocubu's Armour         Ice            0%         N/A       99%         3
 Sigil of Binding         Hex            0%         N/A       99%         3
 Vampiric Draining        Necr           0%         2d6       99%         3
 Metabolic Englaciation   Hex/Ice        0%         N/A       100%        5
 Sculpt Simulacrum        Ice/Alch       0%         N/A       100%        6


Dungeon Overview and Level Annotations

Branches:
Dungeon (3/15)

Altars:
Elyvilon


Innate Abilities, Weirdness & Mutations

You have a pair of horns on your head.
You reflexively headbutt those who attack you in melee.
You are very agile. (Dex +8, Str/Int -2)


Message History

You hear some strange, mumbled words.
A magic dart appears from out of thin air!
The magic dart hits you.
The orc priest mumbles some strange prayers to Beogh against you.
Something writhes in agony.
The orc wizard moves out of view.
You hit something. Something completely misses you.
The orc priest calls down the wrath of Beogh upon you.
Beogh smites you!
* * * LOW HITPOINT WARNING * * *
Unknown command.
You are too injured to fight recklessly!
Unknown command.
You are too injured to fight recklessly!
Unknown command.
You are too injured to fight recklessly!
Unknown command.
Unknown command.
You are too injured to fight recklessly!
Unknown command.
You feel better. Something hits you but does no damage.
The orc priest calls down the wrath of Beogh upon you.
Beogh smites you!
* * * LOW HITPOINT WARNING * * *
Unknown command.
You feel better.
The orc priest miscasts a cantrip.
Something hits you but does no damage.
It was a potion of mutation.
You feel extremely strange.
You feel agile. x2
Something hits you but does no damage.
Unknown command.
You feel very mighty all of a sudden. Something hits you.
* * * LOW HITPOINT WARNING * * *
You barely miss something. Your headbutt misses something. Something hits you.
* * * LOW HITPOINT WARNING * * *
You hear some strange, mumbled words.
A magic dart appears from out of thin air!
The magic dart hits you!
You die...

#.........#.
#.###...#.#.
#.# ##.##.#.
####.#
#......
#....#
##.....
#.####
#.#.##
####.####
#.#...
#.......#
#.####
#@#######
#.# # #{#
#.# #


or# #.#### .#.# ##.... #.#.# #.### # #.= # # ### ###.### ....... .##.... You
could see an orc priest and a rat.

Vanquished Creatures
  An orc priest (D:3)
  Ijyb (D:3)
  4 adders
  A dart slug (D:2)
  A ribbon worm (D:2)
  2 orcs (D:3)
  4 bats
  4 endoplasms
  A giant cockroach (D:2)
  2 goblins
  3 hobgoblins
  A quokka (D:3)
  4 ball pythons
  3 frilled lizards
  5 kobolds
  5 rats
42 creatures vanquished.

Notes
Turn   | Place    | Note
-------+----------+-------------------------------------------
     0 | D:1      | nfkdngbenrn the Minotaur Fighter began the quest for the
                  | Orb.
     0 | D:1      | Reached XP level 1. HP: 19/19 MP: 0/0
   518 | D:1      | Reached XP level 2. HP: 26/27 MP: 1/1
  1009 | D:2      | Reached skill level 1 in Dodging
  1137 | D:2      | Reached XP level 3. HP: 27/33 MP: 2/2
  1295 | D:2      | Found a white marble altar of Elyvilon.
  1359 | D:2      | Identified the +3 trident "Newt's Funeral" {venom, Dex+5}
  1503 | D:3      | Noticed Ijyb
  1510 | D:3      | Killed Ijyb
  1511 | D:3      | Reached XP level 4. HP: 38/40 MP: 3/3
  1840 | D:3      | Gained mutation: You are agile. (Dex +4, Str/Int -1)
                  | [potion of mutation]
  1840 | D:3      | Gained mutation: You are very agile. (Dex +8, Str/Int -2)
                  | [potion of mutation]
  1842 | D:3      | Killed from afar by an orc wizard

Illustrated notes

Levels and vault maps discovered:
D:1:      minmay_arrival_up_and_down, layout_basic, dreamdust_princess_corridor,
          serial_bayou_lake_a
D:2:      layout_rooms, basic_altar
D:3:      layout_loops_ring, mainiacjoe_overflow_chevrons,
          ebering_ghost_rock_garden, uniq_jessica, uniq_ijyb

Skill      XL: |  1  2  3  4 |
---------------+-------------+-----
Dodging        | 1 2 |  2.0
Armour         | 4 |  4.4
Shields        | 4 |  4.5
Fighting       | 4 |  4.4
Axes           | 3 |  3.4

Action                     |  1- 3 |  4- 6 || total
---------------------------+-------+-------++-------
  Melee: War axe           |    46 |    32 ||    78
         Headbutt          |     4 |     2 ||     6
    Use: Scroll            |     4 |     1 ||     5
         Potion            |       |     4 ||     4
 Armour: Scale mail        |    32 |    26 ||    58
  Dodge: Dodged            |    22 |    17 ||    39
  Block: Buckler           |     8 |     3 ||    11

Table legend: (Time is in decaauts)
 A = Elapsed time spent in this place.
 B = Non-inter-level travel time spent in this place.
 C = Inter-level travel time spent in this place.
 D = Time resting spent in this place.
 E = Time spent auto-exploring this place.
 F = Levels seen in this place.
 G = Mean time per level.
                   A        B        C        D        E       F      G
               +--------+--------+--------+--------+--------+-----+--------+
         Total |   1898 |   1738 |    160 |      0 |   1479 |   3 |  632.7 |
       Dungeon |   1898 |   1738 |    160 |      0 |   1479 |   3 |  632.7 |
               +--------+--------+--------+--------+--------+-----+--------+

Top non-repeatable levels by time:
     D:1: 999 daAuts
     D:2: 524 daAuts
     D:3: 374 daAuts
